2726 views
Uploaded 2020-03-08 18:21:12
Game version 1.32.2
39:18 long 4on4 ladder game on (8)TwilightRuins_LV
Saved by BEARAND
2726 views
Uploaded 2020-03-08 18:21:12
Game version 1.32.2
39:18 long 4on4 ladder game on (8)TwilightRuins_LV


106 units @ 10k
/ 0.6k
381 buildings @ 25.6k
/ 11.4k



| Staff of Sanctuary | 3 | 750 |
| Staff of Teleportation | 3 | 450 |
| Boots of Speed | 3 | 750 |
| Periapt of Vitality | 1 | 325 |
| Orb of Venom | 1 | 325 |
| Orb of Corruption | 2 | 750 |
| Ancient Janggo of Endurance | 1 | 500 |
| Legion Doom-Horn | 1 | 500 |
| Claws of Attack +6 | 1 | 125 |
| Claws of Attack +12 | 1 | 500 |
| total: | 17 | 4975g |
| Peasant | 15 | 1125 | / | 0 |
| Dragonhawk Rider | 8 | 1600 | / | 240 |
| total: | 23 | 2725g | / | 240w |
| Scout Tower | 136 | 4080 | / | 2720 |
| Arcane Tower | 10 | 700 | / | 500 |
| Guard Tower | 76 | 5320 | / | 3800 |
| Altar of Kings | 2 | 360 | / | 100 |
| Farm | 13 | 1040 | / | 260 |
| Lumber Mill | 3 | 360 | / | 0 |
| Town Hall | 1 | 385 | / | 205 |
| Arcane Vault | 4 | 520 | / | 120 |
| Blacksmith | 1 | 140 | / | 60 |
| Barracks | 1 | 160 | / | 60 |
| Arcane Sanctum | 1 | 150 | / | 140 |
| Gryphon Aviary | 3 | 420 | / | 450 |
| Keep | 1 | 320 | / | 210 |
| Castle | 1 | 360 | / | 210 |
| total: | 165 | 7615g | / | 4115w |
| 0:02 | Peasant |
| 0:03 | Peasant |
| 0:08 | Altar of Kings |
| 0:15 | Peasant |
| 0:19 | Farm |
| 0:23 | Peasant |
| 0:39 | Lumber Mill |
| 0:51 | Scout Tower |
| 0:51 | Peasant |
| 0:56 | Lumber Mill |
| 0:59 | Peasant |
| 1:06 | Peasant |
| 1:28 | Scout Tower |
| 1:31 | Scout Tower |
| 1:32 | Scout Tower |
| 1:32 | Scout Tower |
| 1:33 | Scout Tower |
| 1:36 | Farm |
| 1:41 | Scout Tower |
| 1:42 | Arcane Tower |
| 1:46 | Scout Tower |
| 1:52 | Peasant |
| 1:52 | Peasant |
| 1:57 | Arcane Tower |
| 1:58 | Scout Tower |
| 1:59 | Scout Tower |
| 2:01 | Peasant |
| 2:06 | Guard Tower |
| 2:10 | Blizzard |
| 2:16 | Peasant |
| 2:22 | Guard Tower |
| 2:29 | Guard Tower |
| 2:32 | Scout Tower |
| 3:20 | Guard Tower |
| 3:22 | Keep |
| 3:24 | Guard Tower |
| 3:27 | Scout Tower |
| 3:28 | Scout Tower |
| 3:42 | Scout Tower |
| 3:43 | Scout Tower |
| 3:49 | Staff of Teleportation |
| 3:49 | Boots of Speed |
| 3:56 | Guard Tower |
| 4:02 | Farm |
| 4:02 | Farm |
| 4:03 | Improved Masonry |
| 4:16 | Guard Tower |
| 4:17 | Scout Tower |
| 4:18 | Scout Tower |
| 4:19 | Scout Tower |
| 4:37 | Guard Tower |
| 4:38 | Scout Tower |
| 4:38 | Scout Tower |
| 4:39 | Scout Tower |
| 4:40 | Scout Tower |
| 4:40 | Scout Tower |
| 4:41 | Scout Tower |
| 5:00 | Guard Tower |
| 5:57 | Town Hall |
| 6:01 | Scout Tower |
| 6:02 | Scout Tower |
| 6:02 | Scout Tower |
| 6:02 | Scout Tower |
| 6:03 | Scout Tower |
| 6:03 | Scout Tower |
| 6:03 | Scout Tower |
| 6:04 | Scout Tower |
| 6:04 | Scout Tower |
| 6:06 | Scout Tower |
| 6:06 | Scout Tower |
| 6:07 | Scout Tower |
| 6:17 | Arcane Tower |
| 6:21 | Brilliance Aura |
| 6:33 | Arcane Tower |
| 6:34 | Guard Tower |
| 6:35 | Guard Tower |
| 7:14 | Storm Bolt |
| 7:33 | Guard Tower |
| 7:39 | Guard Tower |
| 7:42 | Scout Tower |
| 7:42 | Scout Tower |
| 7:44 | Scout Tower |
| 7:45 | Scout Tower |
| 7:55 | Guard Tower |
| 7:57 | Peasant |
| 8:08 | Guard Tower |
| 8:08 | Guard Tower |
| 8:12 | Arcane Sanctum |
| 8:28 | Guard Tower |
| 8:29 | Peasant |
| 8:29 | Peasant |
| 8:37 | Peasant |
| 8:48 | Guard Tower |
| 8:49 | Guard Tower |
| 9:19 | Scout Tower |
| 9:20 | Scout Tower |
| 9:22 | Scout Tower |
| 9:22 | Scout Tower |
| 9:24 | Castle |
| 9:26 | Scout Tower |
| 9:27 | Scout Tower |
| 9:28 | Scout Tower |
| 9:28 | Scout Tower |
| 9:28 | Scout Tower |
| 9:29 | Scout Tower |
| 9:29 | Scout Tower |
| 9:30 | Scout Tower |
| 9:30 | Scout Tower |
| 9:35 | Scout Tower |
| 9:36 | Scout Tower |
| 9:36 | Scout Tower |
| 9:37 | Scout Tower |
| 9:37 | Scout Tower |
| 9:37 | Scout Tower |
| 9:38 | Scout Tower |
| 9:38 | Scout Tower |
| 9:38 | Scout Tower |
| 9:44 | Guard Tower |
| 10:36 | Blizzard |
| 10:56 | Bash |
| 10:59 | Guard Tower |
| 11:01 | Guard Tower |
| 11:01 | Guard Tower |
| 11:03 | Guard Tower |
| 11:04 | Scout Tower |
| 11:05 | Scout Tower |
| 11:06 | Scout Tower |
| 11:07 | Advanced Masonry |
| 11:08 | Guard Tower |
| 11:26 | Arcane Vault |
| 11:30 | Guard Tower |
| 11:38 | Arcane Vault |
| 11:40 | Guard Tower |
| 11:44 | Guard Tower |
| 11:55 | Guard Tower |
| 11:56 | Guard Tower |
| 12:05 | Arcane Vault |
| 12:08 | Arcane Vault |
| 12:49 | Arcane Tower |
| 12:50 | Guard Tower |
| 12:51 | Guard Tower |
| 12:54 | Scout Tower |
| 12:54 | Scout Tower |
| 12:54 | Scout Tower |
| 12:55 | Scout Tower |
| 12:55 | Scout Tower |
| 12:55 | Scout Tower |
| 12:57 | Holy Light |
| 13:30 | Staff of Sanctuary |
| 13:41 | Orb of Venom |
| 13:45 | Guard Tower |
| 13:46 | Imbued Masonry |
| 13:53 | Ancient Janggo of Endurance |
| 14:06 | Boots of Speed |
| 14:37 | Staff of Sanctuary |
| 15:00 | Staff of Teleportation |
| 15:01 | Boots of Speed |
| 15:40 | Scout Tower |
| 15:41 | Scout Tower |
| 15:41 | Scout Tower |
| 15:42 | Scout Tower |
| 15:42 | Scout Tower |
| 15:42 | Scout Tower |
| 15:45 | Arcane Tower |
| 15:45 | Guard Tower |
| 15:46 | Scout Tower |
| 15:47 | Scout Tower |
| 15:48 | Scout Tower |
| 15:49 | Scout Tower |
| 15:51 | Scout Tower |
| 15:52 | Scout Tower |
| 15:53 | Scout Tower |
| 15:53 | Scout Tower |
| 15:55 | Guard Tower |
| 15:56 | Scout Tower |
| 15:57 | Scout Tower |
| 15:57 | Scout Tower |
| 15:58 | Scout Tower |
| 15:58 | Scout Tower |
| 15:59 | Scout Tower |
| 15:59 | Scout Tower |
| 15:59 | Scout Tower |
| 16:00 | Scout Tower |
| 16:19 | Orb of Corruption |
| 16:23 | Orb of Corruption |
| 16:29 | Guard Tower |
| 16:31 | Guard Tower |
| 16:33 | Scout Tower |
| 16:33 | Scout Tower |
| 16:33 | Scout Tower |
| 16:34 | Scout Tower |
| 16:36 | Scout Tower |
| 16:36 | Scout Tower |
| 16:37 | Scout Tower |
| 16:37 | Scout Tower |
| 16:37 | Scout Tower |
| 16:38 | Scout Tower |
| 16:38 | Scout Tower |
| 16:38 | Scout Tower |
| 16:39 | Scout Tower |
| 17:04 | Guard Tower |
| 17:07 | Guard Tower |
| 17:08 | Guard Tower |
| 18:11 | Storm Bolt |
| 18:20 | Gryphon Aviary |
| 18:21 | Gryphon Aviary |
| 18:22 | Blacksmith |
| 18:23 | Barracks |
| 18:23 | Guard Tower |
| 18:26 | Guard Tower |
| 18:45 | Staff of Teleportation |
| 19:28 | Brilliance Aura |
| 20:30 | Guard Tower |
| 20:44 | Guard Tower |
| 21:31 | Guard Tower |
| 21:54 | Guard Tower |
| 21:57 | Guard Tower |
| 21:59 | Scout Tower |
| 22:00 | Scout Tower |
| 22:00 | Scout Tower |
| 22:00 | Scout Tower |
| 22:06 | Dragonhawk Rider |
| 22:06 | Dragonhawk Rider |
| 22:07 | Iron Forged Swords |
| 22:07 | Studded Leather Armor |
| 22:08 | Farm |
| 22:18 | Cloud |
| 22:34 | Divine Shield |
| 22:38 | Animal War Training |
| 22:41 | Dragonhawk Rider |
| 22:42 | Dragonhawk Rider |
| 23:09 | Steel Forged Swords |
| 23:34 | Magic Sentry |
| 23:37 | Legion Doom-Horn |
| 23:40 | Periapt of Vitality |
| 23:42 | Arcane Tower |
| 23:44 | Arcane Tower |
| 23:44 | Guard Tower |
| 23:45 | Guard Tower |
| 23:49 | Scout Tower |
| 23:49 | Scout Tower |
| 23:56 | Scout Tower |
| 23:57 | Scout Tower |
| 24:14 | Scout Tower |
| 24:14 | Scout Tower |
| 24:15 | Scout Tower |
| 24:46 | Dragonhawk Rider |
| 24:46 | Dragonhawk Rider |
| 26:38 | Farm |
| 26:54 | Guard Tower |
| 26:55 | Arcane Tower |
| 26:56 | Arcane Tower |
| 26:58 | Scout Tower |
| 26:59 | Scout Tower |
| 26:59 | Scout Tower |
| 27:00 | Scout Tower |
| 27:30 | Dragonhawk Rider |
| 27:30 | Dragonhawk Rider |
| 27:52 | Staff of Sanctuary |
| 27:55 | Bash |
| 28:24 | Gryphon Aviary |
| 28:33 | Lumber Mill |
| 28:55 | Altar of Kings |
| 28:56 | Farm |
| 28:58 | Farm |
| 29:34 | Guard Tower |
| 29:39 | Scout Tower |
| 29:40 | Scout Tower |
| 29:41 | Scout Tower |
| 29:41 | Scout Tower |
| 29:47 | Farm |
| 29:48 | Farm |
| 29:57 | Farm |
| 29:58 | Farm |
| 30:03 | Farm |
| 30:10 | Guard Tower |
| 31:41 | Scout Tower |
| 31:42 | Scout Tower |
| 31:42 | Scout Tower |
| 31:43 | Scout Tower |
| 31:43 | Scout Tower |
| 31:44 | Scout Tower |
| 31:44 | Scout Tower |
| 31:45 | Scout Tower |
| 31:45 | Scout Tower |
| 31:46 | Scout Tower |
| 31:47 | Guard Tower |
| 32:30 | Guard Tower |
| 32:49 | Guard Tower |
| 33:56 | Brilliance Aura |
| 34:09 | Brilliance Aura |
| 34:31 | Guard Tower |
| 37:28 | Holy Light |
| 37:28 | Divine Shield |
| 38:55 | Claws of Attack +6 |
| 38:59 | Claws of Attack +12 |
| Right click | 3717 |
| Select | 988 |
| Select group | 611 |
| Build/train/purchase | 201 |
| Chat | 147 |
| Use ability | 145 |
| Assign group | 23 |
| Misc. action | 21 |
| Item give/drop | 21 |
| Minimap ping | 11 |



| Orb of Venom | 1 | 325 |
| Periapt of Vitality | 1 | 325 |
| Boots of Speed | 3 | 750 |
| Staff of Teleportation | 3 | 450 |
| Circlet of Nobility | 1 | 175 |
| Staff of Sanctuary | 3 | 750 |
| Hood of Cunning | 3 | 1500 |
| Ancient Janggo of Endurance | 1 | 500 |
| total: | 16 | 4775g |
| Wisp | 45 | 2700 | / | 0 |
| total: | 45 | 2700g | / | 0w |
| Altar of Elders | 1 | 180 | / | 50 |
| Moon Well | 41 | 7380 | / | 1640 |
| Ancient of Wonders | 2 | 180 | / | 60 |
| Tree of Life | 4 | 1360 | / | 740 |
| Hunter's Hall | 1 | 210 | / | 100 |
| Ancient of Wind | 1 | 150 | / | 140 |
| Ancient of Lore | 1 | 155 | / | 145 |
| Tree of Ages | 1 | 320 | / | 180 |
| Tree of Eternity | 1 | 330 | / | 200 |
| total: | 51 | 9615g | / | 2875w |
| 0:03 | Wisp |
| 0:03 | Wisp |
| 0:03 | Wisp |
| 0:07 | Altar of Elders |
| 0:14 | Moon Well |
| 0:33 | Wisp |
| 0:33 | Wisp |
| 0:52 | Moon Well |
| 0:58 | Wisp |
| 1:13 | Wisp |
| 1:13 | Wisp |
| 1:23 | Wisp |
| 1:34 | Wisp |
| 1:59 | Wisp |
| 1:59 | Wisp |
| 2:07 | Entangling Roots |
| 2:23 | Wisp |
| 2:24 | Wisp |
| 2:41 | Wisp |
| 2:41 | Wisp |
| 3:45 | Wisp |
| 3:45 | Wisp |
| 4:03 | Moon Well |
| 4:10 | Moon Well |
| 4:32 | Tree of Ages |
| 5:48 | Thorns Aura |
| 6:25 | Periapt of Vitality |
| 6:26 | Boots of Speed |
| 6:26 | Staff of Teleportation |
| 7:39 | Tree of Eternity |
| 8:00 | Ancient of Wonders |
| 8:35 | Trueshot Aura |
| 8:42 | Tree of Life |
| 8:57 | Tree of Life |
| 9:29 | Ancient of Wonders |
| 10:09 | Hunter's Hall |
| 10:22 | Frost Arrows |
| 11:04 | Wisp |
| 11:04 | Wisp |
| 11:04 | Wisp |
| 11:05 | Wisp |
| 11:06 | Wisp |
| 11:07 | Wisp |
| 11:07 | Wisp |
| 11:07 | Wisp |
| 11:09 | Entangling Roots |
| 11:34 | Searing Arrows |
| 11:46 | Wisp |
| 11:51 | Wisp |
| 11:52 | Wisp |
| 12:40 | Staff of Teleportation |
| 12:40 | Boots of Speed |
| 12:44 | Boots of Speed |
| 12:46 | Circlet of Nobility |
| 13:27 | Forked Lightning |
| 13:41 | Orb of Venom |
| 13:43 | Staff of Sanctuary |
| 13:45 | Wisp |
| 13:45 | Wisp |
| 13:46 | Wisp |
| 13:46 | Wisp |
| 13:46 | Wisp |
| 13:56 | Moon Well |
| 14:00 | Moon Well |
| 14:05 | Ultravision |
| 14:05 | Well Spring |
| 14:22 | Hood of Cunning |
| 15:23 | Moon Well |
| 15:24 | Moon Well |
| 15:28 | Moon Well |
| 15:30 | Moon Well |
| 15:31 | Moon Well |
| 15:32 | Moon Well |
| 15:36 | Moon Well |
| 15:37 | Moon Well |
| 15:38 | Moon Well |
| 15:39 | Moon Well |
| 15:40 | Moon Well |
| 15:41 | Moon Well |
| 15:46 | Moon Well |
| 15:47 | Moon Well |
| 15:48 | Moon Well |
| 15:51 | Moon Well |
| 15:52 | Moon Well |
| 15:52 | Moon Well |
| 15:53 | Moon Well |
| 17:43 | Trueshot Aura |
| 18:57 | Thorns Aura |
| 19:55 | Moon Well |
| 19:55 | Moon Well |
| 21:04 | Staff of Teleportation |
| 22:31 | Moon Well |
| 22:32 | Moon Well |
| 22:42 | Moon Well |
| 22:46 | Moon Well |
| 22:46 | Moon Well |
| 22:48 | Moon Well |
| 22:48 | Moon Well |
| 23:51 | Staff of Sanctuary |
| 23:54 | Frost Arrows |
| 23:57 | Staff of Sanctuary |
| 28:04 | Moon Well |
| 28:05 | Moon Well |
| 28:34 | Ancient Janggo of Endurance |
| 28:55 | Entangling Roots |
| 29:37 | Moon Well |
| 29:38 | Moon Well |
| 29:39 | Moon Well |
| 29:39 | Moon Well |
| 29:40 | Moon Well |
| 29:44 | Strength of the Wild |
| 29:44 | Reinforced Hides |
| 29:49 | Ancient of Wind |
| 29:50 | Ancient of Lore |
| 29:59 | Wisp |
| 31:41 | Searing Arrows |
| 34:07 | Forked Lightning |
| 34:42 | Tree of Life |
| 35:24 | Tree of Life |
| 36:47 | Tranquility |
| 37:35 | Frost Arrows |
| 37:40 | Wisp |
| 37:40 | Wisp |
| 37:41 | Wisp |
| 37:41 | Wisp |
| 37:41 | Wisp |
| 37:43 | Wisp |
| 37:43 | Wisp |
| 37:43 | Wisp |
| 37:44 | Wisp |
| 37:44 | Wisp |
| 38:35 | Hood of Cunning |
| 39:03 | Hood of Cunning |
| Right click | 2706 |
| Select group | 1246 |
| Select | 342 |
| Resource trade | 212 |
| Use ability | 104 |
| Build/train/purchase | 103 |
| Misc. action | 95 |
| Minimap ping | 27 |
| Assign group | 10 |
| Item give/drop | 9 |
| Chat | 4 |



| Rod of Necromancy | 1 | 150 |
| Ritual Dagger | 2 | 250 |
| Orb of Corruption | 3 | 1125 |
| Potion of Healing | 2 | 300 |
| Boots of Speed | 3 | 750 |
| Staff of Teleportation | 3 | 450 |
| Staff of Sanctuary | 1 | 250 |
| Staff of Preservation | 1 | 150 |
| Pendant of Energy | 1 | 300 |
| Medallion of Courage | 1 | 500 |
| Mantle of Intelligence +3 | 1 | 100 |
| Ancient Janggo of Endurance | 1 | 500 |
| total: | 20 | 4825g |
| Acolyte | 2 | 150 | / | 0 |
| Ghoul | 9 | 1080 | / | 0 |
| Obsidian Statue | 2 | 400 | / | 70 |
| Goblin Zeppelin | 1 | 240 | / | 60 |
| total: | 14 | 1870g | / | 130w |
| Nerubian Tower | 2 | 200 | / | 40 |
| Spirit Tower | 3 | 435 | / | 120 |
| Crypt | 1 | 200 | / | 50 |
| Altar of Darkness | 1 | 180 | / | 50 |
| Ziggurat | 4 | 600 | / | 200 |
| Graveyard | 1 | 215 | / | 0 |
| Tomb of Relics | 4 | 520 | / | 120 |
| Slaughterhouse | 1 | 140 | / | 135 |
| Sacrificial Pit | 1 | 75 | / | 150 |
| Halls of the Dead | 1 | 320 | / | 210 |
| Black Citadel | 1 | 325 | / | 230 |
| total: | 13 | 1930g | / | 705w |
| 0:01 | Acolyte |
| 0:10 | Crypt |
| 0:15 | Acolyte |
| 0:31 | Altar of Darkness |
| 0:37 | Ziggurat |
| 1:05 | Graveyard |
| 1:10 | Tomb of Relics |
| 1:13 | Ghoul |
| 1:30 | Ziggurat |
| 1:45 | Ghoul |
| 1:57 | Ghoul |
| 2:12 | Ghoul |
| 2:20 | Nerubian Tower |
| 2:38 | Ghoul |
| 2:43 | Death Coil |
| 2:52 | Ghoul |
| 3:05 | Rod of Necromancy |
| 3:07 | Ritual Dagger |
| 3:07 | Ritual Dagger |
| 3:28 | Ghoul |
| 3:46 | Ghoul |
| 3:59 | Ghoul |
| 4:04 | Unholy Aura |
| 4:07 | Boots of Speed |
| 4:23 | Staff of Teleportation |
| 5:01 | Halls of the Dead |
| 5:50 | Unholy Aura |
| 6:16 | Pendant of Energy |
| 6:43 | Spirit Tower |
| 6:45 | Nerubian Tower |
| 7:22 | Ziggurat |
| 8:02 | Black Citadel |
| 8:31 | Death Coil |
| 8:58 | Tomb of Relics |
| 9:02 | Tomb of Relics |
| 9:30 | Frost Nova |
| 10:53 | Ziggurat |
| 10:54 | Ghoul Frenzy |
| 11:47 | Tomb of Relics |
| 11:49 | Carrion Swarm |
| 12:08 | Frost Armor |
| 12:09 | Boots of Speed |
| 12:09 | Staff of Teleportation |
| 14:00 | Slaughterhouse |
| 14:02 | Spirit Tower |
| 14:02 | Spirit Tower |
| 14:11 | Orb of Corruption |
| 14:16 | Orb of Corruption |
| 14:22 | Boots of Speed |
| 14:22 | Staff of Teleportation |
| 14:35 | Orb of Corruption |
| 14:41 | Potion of Healing |
| 16:32 | Staff of Sanctuary |
| 16:42 | Obsidian Statue |
| 16:42 | Obsidian Statue |
| 18:27 | Vampiric Aura |
| 18:55 | Death Coil |
| 20:37 | Frost Nova |
| 22:37 | Goblin Zeppelin |
| 24:23 | Medallion of Courage |
| 24:23 | Mantle of Intelligence +3 |
| 24:26 | Ancient Janggo of Endurance |
| 25:10 | Potion of Healing |
| 26:01 | Sacrificial Pit |
| 29:50 | Staff of Preservation |
| 31:00 | Carrion Swarm |
| 31:24 | Frost Armor |
| 34:02 | Animate Dead |
| 34:58 | Vampiric Aura |
| Right click | 2772 |
| Select group | 1745 |
| Assign group | 459 |
| Select | 383 |
| Use ability | 168 |
| Build/train/purchase | 142 |
| Resource trade | 119 |
| Misc. action | 86 |
| Chat | 18 |
| Item give/drop | 13 |
| Minimap ping | 4 |
| Remove unit | 1 |



| Scroll of Regeneration | 1 | 100 |
| Staff of Sanctuary | 3 | 750 |
| Staff of Teleportation | 3 | 450 |
| Boots of Speed | 2 | 500 |
| Orb of Corruption | 2 | 750 |
| Medallion of Courage | 2 | 1000 |
| Legion Doom-Horn | 1 | 500 |
| Talisman of Evasion | 1 | 300 |
| Ancient Janggo of Endurance | 1 | 500 |
| total: | 16 | 4850g |
| Peasant | 17 | 1275 | / | 0 |
| Dragonhawk Rider | 7 | 1400 | / | 210 |
| total: | 24 | 2675g | / | 210w |
| Scout Tower | 134 | 4020 | / | 2680 |
| Arcane Tower | 3 | 210 | / | 150 |
| Guard Tower | 56 | 3920 | / | 2800 |
| Altar of Kings | 1 | 180 | / | 50 |
| Farm | 5 | 400 | / | 100 |
| Lumber Mill | 2 | 240 | / | 0 |
| Arcane Vault | 4 | 520 | / | 120 |
| Town Hall | 1 | 385 | / | 205 |
| Barracks | 1 | 160 | / | 60 |
| Blacksmith | 1 | 140 | / | 60 |
| Arcane Sanctum | 1 | 150 | / | 140 |
| Gryphon Aviary | 2 | 280 | / | 300 |
| Keep | 1 | 320 | / | 210 |
| Castle | 1 | 360 | / | 210 |
| total: | 152 | 6475g | / | 3715w |
| 0:01 | Peasant |
| 0:04 | Altar of Kings |
| 0:11 | Peasant |
| 0:18 | Farm |
| 0:21 | Peasant |
| 0:37 | Lumber Mill |
| 0:41 | Peasant |
| 0:53 | Peasant |
| 0:57 | Farm |
| 1:00 | Peasant |
| 1:03 | Scout Tower |
| 1:19 | Peasant |
| 1:32 | Arcane Tower |
| 1:34 | Scout Tower |
| 1:38 | Peasant |
| 1:49 | Peasant |
| 1:53 | Scout Tower |
| 1:53 | Scout Tower |
| 1:55 | Peasant |
| 2:01 | Guard Tower |
| 2:10 | Scout Tower |
| 2:11 | Scout Tower |
| 2:16 | Peasant |
| 2:26 | Guard Tower |
| 2:28 | Blizzard |
| 2:51 | Guard Tower |
| 2:53 | Scout Tower |
| 2:53 | Scout Tower |
| 2:55 | Scout Tower |
| 2:56 | Peasant |
| 2:59 | Guard Tower |
| 3:03 | Scout Tower |
| 3:04 | Scout Tower |
| 3:04 | Scout Tower |
| 3:35 | Keep |
| 3:35 | Guard Tower |
| 3:37 | Guard Tower |
| 3:49 | Staff of Teleportation |
| 3:53 | Guard Tower |
| 3:54 | Scout Tower |
| 3:56 | Guard Tower |
| 4:22 | Arcane Vault |
| 4:40 | Improved Masonry |
| 4:42 | Farm |
| 5:32 | Guard Tower |
| 5:34 | Scout Tower |
| 5:37 | Scout Tower |
| 5:42 | Scout Tower |
| 5:43 | Scout Tower |
| 5:59 | Brilliance Aura |
| 6:17 | Scout Tower |
| 6:20 | Scout Tower |
| 6:23 | Town Hall |
| 6:24 | Scout Tower |
| 6:28 | Scout Tower |
| 6:33 | Guard Tower |
| 6:35 | Peasant |
| 6:36 | Guard Tower |
| 6:39 | Guard Tower |
| 6:47 | Guard Tower |
| 6:52 | Guard Tower |
| 7:09 | Guard Tower |
| 7:12 | Scout Tower |
| 7:12 | Scout Tower |
| 7:19 | Advanced Masonry |
| 7:30 | Storm Bolt |
| 7:35 | Guard Tower |
| 7:56 | Blizzard |
| 8:06 | Guard Tower |
| 8:08 | Castle |
| 8:42 | Scout Tower |
| 8:43 | Scout Tower |
| 8:43 | Scout Tower |
| 8:44 | Scout Tower |
| 8:45 | Scout Tower |
| 8:53 | Scout Tower |
| 8:53 | Scout Tower |
| 8:54 | Peasant |
| 8:54 | Peasant |
| 9:09 | Staff of Teleportation |
| 9:10 | Boots of Speed |
| 9:28 | Guard Tower |
| 9:29 | Scout Tower |
| 9:29 | Scout Tower |
| 9:32 | Guard Tower |
| 9:34 | Scout Tower |
| 9:34 | Scout Tower |
| 9:34 | Scout Tower |
| 9:35 | Scout Tower |
| 9:55 | Bash |
| 10:57 | Guard Tower |
| 10:58 | Scout Tower |
| 10:58 | Scout Tower |
| 10:59 | Scout Tower |
| 11:00 | Guard Tower |
| 11:01 | Scout Tower |
| 11:01 | Scout Tower |
| 11:26 | Imbued Masonry |
| 11:26 | Improved Lumber Harvesting |
| 11:27 | Scout Tower |
| 11:27 | Scout Tower |
| 11:36 | Guard Tower |
| 11:37 | Guard Tower |
| 11:38 | Scout Tower |
| 11:39 | Scout Tower |
| 11:39 | Scout Tower |
| 11:40 | Scout Tower |
| 11:44 | Scout Tower |
| 11:44 | Scout Tower |
| 11:45 | Scout Tower |
| 11:45 | Scout Tower |
| 12:05 | Arcane Vault |
| 12:07 | Arcane Vault |
| 12:22 | Guard Tower |
| 12:23 | Scout Tower |
| 12:24 | Scout Tower |
| 12:49 | Guard Tower |
| 12:52 | Guard Tower |
| 12:54 | Scout Tower |
| 12:54 | Scout Tower |
| 12:54 | Scout Tower |
| 12:54 | Scout Tower |
| 12:56 | Guard Tower |
| 12:57 | Peasant |
| 12:57 | Peasant |
| 13:16 | Storm Bolt |
| 13:31 | Guard Tower |
| 13:32 | Scout Tower |
| 13:32 | Scout Tower |
| 13:32 | Scout Tower |
| 13:33 | Scout Tower |
| 13:33 | Scout Tower |
| 13:34 | Scout Tower |
| 13:34 | Scout Tower |
| 13:35 | Scout Tower |
| 13:35 | Scout Tower |
| 13:54 | Guard Tower |
| 13:56 | Guard Tower |
| 14:02 | Medallion of Courage |
| 14:11 | Scroll of Regeneration |
| 14:14 | Staff of Sanctuary |
| 14:16 | Brilliance Aura |
| 14:22 | Holy Light |
| 15:15 | Guard Tower |
| 15:25 | Arcane Vault |
| 15:26 | Scout Tower |
| 15:26 | Scout Tower |
| 15:44 | Guard Tower |
| 15:48 | Scout Tower |
| 15:48 | Scout Tower |
| 15:49 | Scout Tower |
| 15:50 | Scout Tower |
| 15:50 | Scout Tower |
| 15:50 | Scout Tower |
| 15:51 | Scout Tower |
| 15:54 | Scout Tower |
| 15:55 | Scout Tower |
| 15:58 | Guard Tower |
| 16:30 | Staff of Teleportation |
| 16:30 | Boots of Speed |
| 16:33 | Staff of Sanctuary |
| 16:44 | Arcane Sanctum |
| 16:48 | Guard Tower |
| 16:51 | Scout Tower |
| 16:51 | Scout Tower |
| 16:52 | Guard Tower |
| 16:53 | Scout Tower |
| 16:54 | Scout Tower |
| 17:01 | Guard Tower |
| 17:04 | Scout Tower |
| 17:04 | Scout Tower |
| 17:05 | Scout Tower |
| 17:07 | Guard Tower |
| 17:08 | Scout Tower |
| 17:09 | Scout Tower |
| 17:09 | Scout Tower |
| 17:09 | Scout Tower |
| 17:44 | Orb of Corruption |
| 17:48 | Orb of Corruption |
| 18:05 | Guard Tower |
| 18:07 | Scout Tower |
| 18:08 | Scout Tower |
| 19:22 | Magic Sentry |
| 19:49 | Divine Shield |
| 20:46 | Guard Tower |
| 21:25 | Legion Doom-Horn |
| 21:50 | Medallion of Courage |
| 21:52 | Talisman of Evasion |
| 22:41 | Scout Tower |
| 22:42 | Scout Tower |
| 22:43 | Scout Tower |
| 22:43 | Scout Tower |
| 23:10 | Arcane Tower |
| 23:15 | Arcane Tower |
| 23:34 | Scout Tower |
| 23:35 | Scout Tower |
| 23:36 | Scout Tower |
| 23:36 | Scout Tower |
| 24:44 | Staff of Sanctuary |
| 25:54 | Gryphon Aviary |
| 25:55 | Gryphon Aviary |
| 25:56 | Barracks |
| 26:04 | Guard Tower |
| 26:12 | Scout Tower |
| 26:13 | Scout Tower |
| 26:14 | Guard Tower |
| 26:16 | Scout Tower |
| 26:17 | Scout Tower |
| 26:58 | Blacksmith |
| 28:11 | Dragonhawk Rider |
| 28:11 | Dragonhawk Rider |
| 28:12 | Farm |
| 28:24 | Animal War Training |
| 28:27 | Studded Leather Armor |
| 28:36 | Guard Tower |
| 28:42 | Farm |
| 28:52 | Scout Tower |
| 28:53 | Scout Tower |
| 28:53 | Scout Tower |
| 28:54 | Scout Tower |
| 28:54 | Scout Tower |
| 28:55 | Scout Tower |
| 28:55 | Scout Tower |
| 28:56 | Scout Tower |
| 29:04 | Dragonhawk Rider |
| 29:04 | Dragonhawk Rider |
| 29:13 | Scout Tower |
| 29:13 | Scout Tower |
| 29:14 | Scout Tower |
| 29:33 | Guard Tower |
| 29:36 | Scout Tower |
| 29:36 | Scout Tower |
| 29:37 | Scout Tower |
| 29:37 | Scout Tower |
| 29:38 | Scout Tower |
| 29:38 | Scout Tower |
| 29:39 | Scout Tower |
| 29:39 | Scout Tower |
| 29:41 | Guard Tower |
| 29:44 | Scout Tower |
| 29:45 | Scout Tower |
| 29:45 | Scout Tower |
| 29:46 | Scout Tower |
| 29:46 | Guard Tower |
| 29:48 | Dragonhawk Rider |
| 29:57 | Reinforced Leather Armor |
| 29:57 | Dragonhide Armor |
| 30:05 | Scout Tower |
| 30:11 | Guard Tower |
| 30:51 | Holy Light |
| 30:56 | Bash |
| 31:12 | Dragonhawk Rider |
| 31:13 | Dragonhawk Rider |
| 31:34 | Blizzard |
| 32:38 | Guard Tower |
| 32:43 | Scout Tower |
| 32:44 | Scout Tower |
| 32:44 | Scout Tower |
| 32:44 | Scout Tower |
| 32:45 | Scout Tower |
| 32:45 | Scout Tower |
| 32:46 | Scout Tower |
| 32:46 | Scout Tower |
| 33:19 | Guard Tower |
| 33:58 | Divine Shield |
| 34:35 | Storm Bolt |
| 34:43 | Guard Tower |
| 35:36 | Guard Tower |
| 35:42 | Lumber Mill |
| 37:13 | Iron Forged Swords |
| 38:00 | Mass Teleport |
| 38:35 | Steel Forged Swords |
| 38:36 | Cloud |
| 39:02 | Ancient Janggo of Endurance |
| Right click | 2596 |
| Select | 1692 |
| Select group | 842 |
| Assign group | 258 |
| Build/train/purchase | 184 |
| Use ability | 155 |
| Misc. action | 32 |
| Minimap ping | 32 |
| Item give/drop | 7 |
257 units @ 40.3k
/ 6.5k
88 buildings @ 13.2k
/ 6.4k


| Scroll of Regeneration | 1 | 100 |
| Lesser Clarity Potion | 1 | 70 |
| Scroll of Town Portal | 1 | 350 |
| total: | 3 | 520g |
| Peasant | 10 | 750 | / | 0 |
| Rifleman | 5 | 1025 | / | 150 |
| Knight | 6 | 1470 | / | 360 |
| Dragonhawk Rider | 23 | 4600 | / | 690 |
| Gryphon Rider | 5 | 1400 | / | 350 |
| Goblin Shredder | 1 | 375 | / | 100 |
| total: | 50 | 9620g | / | 1650w |
| Farm | 10 | 800 | / | 200 |
| Altar of Kings | 1 | 180 | / | 50 |
| Blacksmith | 1 | 140 | / | 60 |
| Barracks | 2 | 320 | / | 120 |
| Arcane Vault | 1 | 130 | / | 30 |
| Lumber Mill | 1 | 120 | / | 0 |
| Town Hall | 1 | 385 | / | 205 |
| Gryphon Aviary | 4 | 560 | / | 600 |
| Keep | 1 | 320 | / | 210 |
| Castle | 2 | 720 | / | 420 |
| total: | 21 | 2635g | / | 1265w |
| 0:03 | Peasant |
| 0:03 | Peasant |
| 0:03 | Peasant |
| 0:16 | Farm |
| 0:24 | Altar of Kings |
| 0:30 | Peasant |
| 0:35 | Peasant |
| 0:58 | Farm |
| 1:05 | Peasant |
| 1:17 | Blacksmith |
| 1:22 | Peasant |
| 1:35 | Barracks |
| 1:42 | Peasant |
| 1:48 | Farm |
| 1:51 | Peasant |
| 2:13 | Peasant |
| 2:25 | Farm |
| 2:40 | Storm Bolt |
| 2:44 | Rifleman |
| 2:50 | Rifleman |
| 3:54 | Keep |
| 3:57 | Rifleman |
| 4:29 | Rifleman |
| 4:36 | Farm |
| 4:55 | Rifleman |
| 5:25 | Farm |
| 5:53 | Barracks |
| 5:56 | Iron Forged Swords |
| 6:07 | Farm |
| 6:11 | Arcane Vault |
| 6:13 | Lumber Mill |
| 6:18 | Bash |
| 6:56 | Castle |
| 6:58 | Farm |
| 7:05 | Storm Bolt |
| 7:23 | Improved Lumber Harvesting |
| 8:36 | Iron Plating |
| 9:20 | Sundering Blades |
| 9:20 | Animal War Training |
| 9:21 | Knight |
| 9:52 | Bash |
| 10:01 | Knight |
| 10:18 | Town Hall |
| 10:36 | Advanced Lumber Harvesting |
| 10:38 | Steel Forged Swords |
| 10:53 | Scroll of Regeneration |
| 11:05 | Knight |
| 11:32 | Farm |
| 11:37 | Knight |
| 12:09 | Gryphon Aviary |
| 12:11 | Gryphon Aviary |
| 12:13 | Gryphon Aviary |
| 12:17 | Farm |
| 12:36 | Steel Plating |
| 12:55 | Goblin Shredder |
| 13:18 | Holy Light |
| 14:02 | Mithril Forged Swords |
| 16:23 | Cloud |
| 16:23 | Dragonhawk Rider |
| 16:23 | Dragonhawk Rider |
| 16:36 | Mithril Plating |
| 17:51 | Knight |
| 18:54 | Dragonhawk Rider |
| 18:54 | Dragonhawk Rider |
| 19:01 | Storm Bolt |
| 19:40 | Dragonhawk Rider |
| 19:40 | Dragonhawk Rider |
| 19:41 | Dragonhawk Rider |
| 19:43 | Studded Leather Armor |
| 19:45 | Knight |
| 19:49 | Gryphon Aviary |
| 21:16 | Dragonhawk Rider |
| 21:16 | Dragonhawk Rider |
| 21:18 | Dragonhawk Rider |
| 21:19 | Dragonhawk Rider |
| 22:42 | Storm Hammers |
| 22:44 | Reinforced Leather Armor |
| 25:19 | Dragonhawk Rider |
| 25:19 | Dragonhawk Rider |
| 25:19 | Dragonhawk Rider |
| 25:50 | Dragonhawk Rider |
| 25:50 | Dragonhawk Rider |
| 25:50 | Dragonhawk Rider |
| 25:53 | Dragonhide Armor |
| 26:05 | Avatar |
| 27:37 | Gryphon Rider |
| 27:37 | Gryphon Rider |
| 27:38 | Gryphon Rider |
| 27:44 | Divine Shield |
| 28:08 | Dragonhawk Rider |
| 28:09 | Dragonhawk Rider |
| 35:07 | Dragonhawk Rider |
| 35:07 | Dragonhawk Rider |
| 35:08 | Dragonhawk Rider |
| 35:08 | Dragonhawk Rider |
| 36:12 | Gryphon Rider |
| 36:14 | Gryphon Rider |
| 37:40 | Bash |
| 38:24 | Lesser Clarity Potion |
| 38:39 | Scroll of Town Portal |
| Right click | 820 |
| Select group | 503 |
| Select | 502 |
| Misc. action | 137 |
| Use ability | 121 |
| Build/train/purchase | 87 |
| Minimap ping | 38 |
| Assign group | 37 |
| Remove unit | 9 |
| Resource trade | 5 |
| Item give/drop | 2 |



| Lesser Clarity Potion | 2 | 140 |
| Healing Salve | 2 | 200 |
| Potion of Lesser Invulnerability | 1 | 150 |
| total: | 5 | 490g |
| Peon | 17 | 1275 | / | 0 |
| Troll Witch Doctor | 18 | 2610 | / | 450 |
| Shaman | 9 | 1170 | / | 180 |
| Tauren | 10 | 2800 | / | 800 |
| Demolisher | 5 | 1100 | / | 250 |
| total: | 59 | 8955g | / | 1680w |
| Altar of Storms | 1 | 180 | / | 50 |
| Orc Burrow | 9 | 1440 | / | 360 |
| War Mill | 1 | 205 | / | 0 |
| Voodoo Lounge | 1 | 130 | / | 30 |
| Great Hall | 2 | 770 | / | 370 |
| Barracks | 1 | 180 | / | 50 |
| Spirit Lodge | 2 | 300 | / | 300 |
| Tauren Totem | 3 | 405 | / | 465 |
| Stronghold | 1 | 315 | / | 190 |
| Fortress | 1 | 325 | / | 190 |
| total: | 20 | 3610g | / | 1625w |
| 0:04 | Peon |
| 0:08 | Altar of Storms |
| 0:22 | Orc Burrow |
| 0:26 | Peon |
| 0:26 | Peon |
| 0:26 | Peon |
| 0:50 | Peon |
| 1:02 | War Mill |
| 1:11 | Peon |
| 1:29 | Peon |
| 1:53 | Peon |
| 2:18 | Peon |
| 2:18 | Peon |
| 2:25 | Wind Walk |
| 2:38 | Voodoo Lounge |
| 2:49 | Stronghold |
| 4:09 | Orc Burrow |
| 4:25 | Lesser Clarity Potion |
| 4:25 | Healing Salve |
| 4:40 | Steel Melee Weapons |
| 4:56 | Critical Strike |
| 5:11 | Fortress |
| 5:14 | Spirit Lodge |
| 5:15 | Spirit Lodge |
| 5:49 | Lesser Clarity Potion |
| 6:14 | Orc Burrow |
| 6:17 | Orc Burrow |
| 6:20 | Endurance Aura |
| 6:53 | Shaman Adept Training |
| 6:54 | Witch Doctor Adept Training |
| 7:47 | Troll Witch Doctor |
| 7:48 | Shaman |
| 7:48 | Troll Witch Doctor |
| 8:35 | Tauren Totem |
| 8:35 | Tauren Totem |
| 8:37 | Shaman Master Training |
| 8:38 | Troll Witch Doctor |
| 8:38 | Shaman |
| 9:12 | Steel Armor |
| 9:13 | Shaman |
| 9:19 | Witch Doctor Master Training |
| 9:19 | Troll Witch Doctor |
| 9:20 | Shaman |
| 9:20 | Shaman |
| 9:20 | Troll Witch Doctor |
| 9:25 | Orc Burrow |
| 9:50 | Potion of Lesser Invulnerability |
| 10:14 | War Stomp |
| 10:21 | Tauren |
| 10:22 | Tauren |
| 10:33 | Healing Salve |
| 11:12 | Thorium Melee Weapons |
| 11:15 | Troll Witch Doctor |
| 11:37 | Critical Strike |
| 12:11 | Troll Witch Doctor |
| 12:12 | Shaman |
| 12:14 | Pulverize |
| 13:05 | Endurance Aura |
| 13:38 | Orc Burrow |
| 13:38 | Orc Burrow |
| 13:46 | Great Hall |
| 14:03 | Arcanite Melee Weapons |
| 15:14 | Barracks |
| 15:38 | Orc Burrow |
| 16:05 | Thorium Armor |
| 16:14 | Tauren |
| 16:19 | Demolisher |
| 16:46 | Tauren Totem |
| 19:38 | Peon |
| 19:38 | Peon |
| 19:38 | Peon |
| 19:38 | Peon |
| 19:46 | Tauren |
| 19:46 | Tauren |
| 20:38 | Demolisher |
| 20:38 | Demolisher |
| 21:24 | Demolisher |
| 21:24 | Demolisher |
| 21:24 | Burning Oil |
| 25:47 | Troll Witch Doctor |
| 25:48 | Troll Witch Doctor |
| 25:48 | Troll Witch Doctor |
| 25:49 | Shaman |
| 25:49 | Shaman |
| 25:51 | Tauren |
| 25:51 | Tauren |
| 25:51 | Tauren |
| 27:20 | Healing Wave |
| 27:39 | Orc Burrow |
| 28:23 | Troll Witch Doctor |
| 28:27 | Great Hall |
| 28:43 | Wind Walk |
| 30:05 | Troll Witch Doctor |
| 31:05 | Serpent Ward |
| 31:14 | Tauren |
| 31:15 | Tauren |
| 32:13 | Troll Witch Doctor |
| 33:00 | Troll Witch Doctor |
| 33:00 | Troll Witch Doctor |
| 35:01 | Peon |
| 35:01 | Peon |
| 35:01 | Peon |
| 35:07 | Troll Witch Doctor |
| 35:07 | Troll Witch Doctor |
| 35:07 | Shaman |
| 35:53 | Troll Witch Doctor |
| Right click | 602 |
| Select | 587 |
| Select group | 348 |
| Misc. action | 273 |
| Build/train/purchase | 124 |
| Use ability | 91 |
| Assign group | 77 |
| Chat | 60 |
| Minimap ping | 17 |
| Remove unit | 12 |
| Resource trade | 4 |
| Item give/drop | 3 |
| Esc | 1 |


| Potion of Healing | 1 | 150 |
| Scroll of Town Portal | 3 | 1050 |
| total: | 4 | 1200g |
| Acolyte | 17 | 1275 | / | 0 |
| Ghoul | 5 | 600 | / | 0 |
| Crypt Fiend | 13 | 2795 | / | 520 |
| Obsidian Statue | 5 | 1000 | / | 175 |
| Meat Wagon | 8 | 1840 | / | 400 |
| Necromancer | 16 | 2320 | / | 320 |
| total: | 64 | 9830g | / | 1415w |
| Nerubian Tower | 1 | 100 | / | 20 |
| Spirit Tower | 1 | 145 | / | 40 |
| Ziggurat | 9 | 1350 | / | 450 |
| Crypt | 1 | 200 | / | 50 |
| Graveyard | 1 | 215 | / | 0 |
| Altar of Darkness | 1 | 180 | / | 50 |
| Tomb of Relics | 1 | 130 | / | 30 |
| Slaughterhouse | 3 | 420 | / | 405 |
| Temple of the Damned | 2 | 310 | / | 280 |
| Halls of the Dead | 1 | 320 | / | 210 |
| Black Citadel | 1 | 325 | / | 230 |
| total: | 18 | 2805g | / | 1265w |
| 0:09 | Acolyte |
| 0:09 | Acolyte |
| 0:12 | Ziggurat |
| 0:19 | Crypt |
| 1:03 | Graveyard |
| 1:20 | Ghoul |
| 1:24 | Ziggurat |
| 2:35 | Halls of the Dead |
| 2:38 | Ghoul |
| 2:38 | Ghoul |
| 2:38 | Ghoul |
| 2:39 | Ghoul |
| 2:51 | Nerubian Tower |
| 4:57 | Acolyte |
| 5:40 | Acolyte |
| 5:41 | Acolyte |
| 5:41 | Acolyte |
| 5:42 | Acolyte |
| 5:42 | Acolyte |
| 6:16 | Altar of Darkness |
| 6:37 | Web |
| 6:53 | Tomb of Relics |
| 7:16 | Acolyte |
| 7:35 | Acolyte |
| 7:44 | Acolyte |
| 8:11 | Crypt Fiend |
| 8:11 | Crypt Fiend |
| 8:22 | Death Coil |
| 8:33 | Crypt Fiend |
| 9:02 | Ziggurat |
| 9:29 | Acolyte |
| 9:55 | Crypt Fiend |
| 10:22 | Unholy Aura |
| 10:30 | Crypt Fiend |
| 10:30 | Crypt Fiend |
| 11:01 | Acolyte |
| 11:01 | Acolyte |
| 11:01 | Acolyte |
| 11:01 | Acolyte |
| 11:11 | Crypt Fiend |
| 11:15 | Ziggurat |
| 11:29 | Burrow |
| 11:42 | Slaughterhouse |
| 11:52 | Creature Attack |
| 12:10 | Creature Carapace |
| 12:12 | Spirit Tower |
| 12:24 | Crypt Fiend |
| 12:45 | Obsidian Statue |
| 12:45 | Obsidian Statue |
| 12:55 | Ziggurat |
| 13:01 | Crypt Fiend |
| 13:01 | Crypt Fiend |
| 13:06 | Death Coil |
| 13:12 | Improved Creature Attack |
| 13:46 | Crypt Fiend |
| 13:46 | Crypt Fiend |
| 13:48 | Black Citadel |
| 14:00 | Improved Creature Carapace |
| 14:16 | Ziggurat |
| 14:18 | Ziggurat |
| 14:19 | Ziggurat |
| 14:48 | Crypt Fiend |
| 15:10 | Slaughterhouse |
| 15:15 | Ziggurat |
| 15:40 | Meat Wagon |
| 16:11 | Destroyer Form |
| 16:13 | Advanced Creature Attack |
| 16:29 | Frost Nova |
| 16:35 | Advanced Creature Carapace |
| 17:02 | Slaughterhouse |
| 17:13 | Temple of the Damned |
| 17:16 | Temple of the Damned |
| 17:18 | Meat Wagon |
| 17:19 | Meat Wagon |
| 17:28 | Exhume Corpses |
| 17:52 | Meat Wagon |
| 18:22 | Necromancer Adept Training |
| 18:22 | Skeletal Mastery |
| 18:54 | Meat Wagon |
| 19:44 | Necromancer Master Training |
| 19:47 | Unholy Strength |
| 19:47 | Unholy Armor |
| 20:30 | Necromancer |
| 20:30 | Necromancer |
| 20:50 | Improved Unholy Strength |
| 21:03 | Necromancer |
| 21:03 | Necromancer |
| 21:25 | Obsidian Statue |
| 21:32 | Obsidian Statue |
| 21:53 | Improved Unholy Armor |
| 22:37 | Necromancer |
| 22:37 | Necromancer |
| 22:38 | Necromancer |
| 22:58 | Meat Wagon |
| 23:32 | Advanced Unholy Strength |
| 24:04 | Banshee Adept Training |
| 24:44 | Unholy Aura |
| 24:46 | Necromancer |
| 25:20 | Advanced Unholy Armor |
| 25:33 | Frost Armor |
| 25:46 | Necromancer |
| 26:02 | Frost Nova |
| 26:09 | Death Coil |
| 27:07 | Meat Wagon |
| 28:03 | Necromancer |
| 28:03 | Necromancer |
| 28:03 | Necromancer |
| 29:10 | Necromancer |
| 29:11 | Necromancer |
| 29:12 | Banshee Master Training |
| 30:13 | Meat Wagon |
| 31:07 | Frost Armor |
| 31:24 | Necromancer |
| 31:24 | Necromancer |
| 31:28 | Animate Dead |
| 33:24 | Scroll of Town Portal |
| 34:05 | Acolyte |
| 35:19 | Scroll of Town Portal |
| 35:24 | Scroll of Town Portal |
| 35:24 | Potion of Healing |
| 35:32 | Obsidian Statue |
| Right click | 645 |
| Select group | 519 |
| Select | 396 |
| Build/train/purchase | 120 |
| Use ability | 39 |
| Assign group | 35 |
| Misc. action | 35 |
| Minimap ping | 8 |
| Remove unit | 3 |
| Item give/drop | 1 |


| Healing Salve | 3 | 300 |
| Lesser Clarity Potion | 5 | 350 |
| Orb of Lightning | 2 | 750 |
| Potion of Healing | 2 | 300 |
| Scroll of Town Portal | 1 | 350 |
| total: | 13 | 2050g |
| Peon | 27 | 2025 | / | 0 |
| Grunt | 3 | 600 | / | 0 |
| Troll Headhunter | 7 | 980 | / | 140 |
| Shaman | 10 | 1300 | / | 200 |
| Troll Berserker | 10 | 1400 | / | 200 |
| Kodo Beast | 6 | 1530 | / | 360 |
| Troll Witch Doctor | 6 | 870 | / | 150 |
| Demolisher | 11 | 2420 | / | 550 |
| Troll Batrider | 3 | 480 | / | 120 |
| Tauren | 1 | 280 | / | 80 |
| total: | 84 | 11885g | / | 1800w |
| Watch Tower | 13 | 1430 | / | 1040 |
| Altar of Storms | 1 | 180 | / | 50 |
| Orc Burrow | 7 | 1120 | / | 280 |
| Barracks | 1 | 180 | / | 50 |
| War Mill | 1 | 205 | / | 0 |
| Voodoo Lounge | 1 | 130 | / | 30 |
| Great Hall | 1 | 385 | / | 185 |
| Spirit Lodge | 1 | 150 | / | 150 |
| Beastiary | 1 | 145 | / | 140 |
| Tauren Totem | 2 | 270 | / | 310 |
| Stronghold | 1 | 315 | / | 190 |
| Fortress | 1 | 325 | / | 190 |
| total: | 29 | 4195g | / | 2235w |
| 0:06 | Peon |
| 0:06 | Peon |
| 0:06 | Peon |
| 0:24 | Altar of Storms |
| 0:30 | Orc Burrow |
| 0:35 | Barracks |
| 0:38 | Peon |
| 0:44 | Peon |
| 1:11 | Peon |
| 1:28 | Orc Burrow |
| 1:37 | Peon |
| 1:49 | Grunt |
| 1:57 | War Mill |
| 2:04 | Grunt |
| 2:18 | Peon |
| 2:44 | War Stomp |
| 3:00 | Grunt |
| 3:22 | Watch Tower |
| 3:39 | Peon |
| 3:39 | Peon |
| 3:39 | Peon |
| 3:50 | Troll Headhunter |
| 4:08 | Steel Armor |
| 4:10 | Stronghold |
| 4:15 | Troll Headhunter |
| 4:33 | Orc Burrow |
| 5:04 | Troll Headhunter |
| 5:05 | Troll Headhunter |
| 5:09 | Endurance Aura |
| 5:23 | Steel Ranged Weapons |
| 5:32 | Voodoo Lounge |
| 6:16 | Orc Burrow |
| 6:22 | Troll Headhunter |
| 6:59 | Fortress |
| 7:04 | Spirit Lodge |
| 7:06 | War Stomp |
| 7:42 | Great Hall |
| 7:45 | Reinforced Defenses |
| 7:56 | Watch Tower |
| 7:59 | Healing Salve |
| 8:23 | Shaman Adept Training |
| 8:28 | Beastiary |
| 8:57 | Troll Headhunter |
| 9:21 | Breath of Fire |
| 9:53 | Watch Tower |
| 9:57 | Orc Burrow |
| 11:14 | Watch Tower |
| 11:20 | Watch Tower |
| 11:24 | Shaman Master Training |
| 11:29 | Peon |
| 11:30 | Peon |
| 11:30 | Peon |
| 11:30 | Peon |
| 11:59 | Peon |
| 12:00 | Peon |
| 12:00 | Peon |
| 12:00 | Peon |
| 12:03 | Peon |
| 12:04 | Peon |
| 12:04 | Peon |
| 12:08 | Berserker Upgrade |
| 12:09 | Troll Headhunter |
| 12:15 | Lesser Clarity Potion |
| 12:23 | Orb of Lightning |
| 12:23 | Orb of Lightning |
| 12:40 | Shaman |
| 13:00 | Lesser Clarity Potion |
| 13:08 | War Drums Damage Increase |
| 13:11 | Shaman |
| 13:18 | Troll Berserker |
| 13:26 | Kodo Beast |
| 13:29 | Shaman |
| 14:04 | Kodo Beast |
| 14:10 | Witch Doctor Adept Training |
| 14:13 | Shaman |
| 14:25 | Thorium Armor |
| 14:28 | Troll Berserker |
| 14:53 | Watch Tower |
| 15:52 | Burning Oil |
| 15:56 | Witch Doctor Master Training |
| 15:57 | Troll Witch Doctor |
| 15:58 | Troll Witch Doctor |
| 16:00 | Thorium Ranged Weapons |
| 16:10 | Orc Burrow |
| 16:28 | Watch Tower |
| 16:30 | Watch Tower |
| 16:31 | Watch Tower |
| 16:33 | Watch Tower |
| 16:35 | Watch Tower |
| 16:39 | Watch Tower |
| 18:24 | Kodo Beast |
| 18:25 | Shaman |
| 18:25 | Troll Witch Doctor |
| 18:26 | Shaman |
| 18:28 | Demolisher |
| 18:28 | Demolisher |
| 18:29 | Troll Berserker |
| 18:29 | Troll Berserker |
| 19:02 | Endurance Aura |
| 19:50 | Demolisher |
| 19:51 | Demolisher |
| 19:58 | Troll Batrider |
| 19:59 | Troll Batrider |
| 19:59 | Troll Batrider |
| 21:47 | Healing Salve |
| 21:48 | Potion of Healing |
| 22:11 | Peon |
| 22:11 | Peon |
| 22:12 | Peon |
| 22:12 | Peon |
| 22:12 | Peon |
| 22:17 | Watch Tower |
| 22:28 | Troll Berserker |
| 22:29 | Troll Berserker |
| 22:29 | Troll Berserker |
| 22:29 | Troll Berserker |
| 23:05 | Kodo Beast |
| 23:05 | Kodo Beast |
| 23:09 | Troll Berserker |
| 23:09 | Demolisher |
| 23:13 | Orc Burrow |
| 23:17 | Troll Witch Doctor |
| 23:17 | Shaman |
| 23:17 | Troll Witch Doctor |
| 23:18 | Shaman |
| 23:22 | Arcanite Armor |
| 23:22 | Arcanite Ranged Weapons |
| 25:53 | War Stomp |
| 27:47 | Drunken Haze |
| 28:51 | Breath of Fire |
| 29:50 | Demolisher |
| 29:50 | Demolisher |
| 29:51 | Demolisher |
| 29:51 | Demolisher |
| 33:15 | Lesser Clarity Potion |
| 33:15 | Lesser Clarity Potion |
| 33:47 | Shaman |
| 33:48 | Troll Witch Doctor |
| 33:51 | Demolisher |
| 33:52 | Demolisher |
| 35:30 | Healing Salve |
| 35:30 | Lesser Clarity Potion |
| 35:51 | Tauren Totem |
| 35:55 | Tauren Totem |
| 36:02 | Troll Berserker |
| 36:05 | Steel Melee Weapons |
| 37:42 | Scroll of Town Portal |
| 37:42 | Potion of Healing |
| 37:49 | Tauren |
| 38:12 | Kodo Beast |
| 38:45 | Shaman |
| Right click | 861 |
| Select | 641 |
| Build/train/purchase | 159 |
| Use ability | 27 |
| Remove unit | 11 |
| Misc. action | 5 |
| Item give/drop | 1 |
| Minimap ping | 1 |
⇛